Map: Prion Terraces

Players

HaNfy - Winner!

  • Race: Zerg Zerg
  • League: Grandmaster

Miszu

  • Race: Terran Terran
  • League: Grandmaster

VOD

Have the link to the VOD?

Description

Time

  • Played on: Feb. 22, 2016, 8:22 a.m.
  • Length: 6:15
Show
View Real Time Build Order
Export as new Build Order

HaNfy Zerg - Winner!

Build Orders: Hatch First 

Get SALT Encoding   

  12  0:01  Drone  
  13  0:08  Drone  
  14  0:16  Overlord  
  14  0:23  Extractor, Drone  
  15  0:35  Drone x2  
  17  0:52  Hatchery  
  17  0:54  Drone  
  17  0:57  Drone  
  17  0:59  Extractor  
  17  1:14  Spawning Pool  
  17  1:16  Drone  
  17  1:21  Drone  
  18  1:27  Drone  
  19  1:38  Overlord  
  19  1:54  Drone  
  20  2:00  Queen  
  22  2:01  Metabolic Boost  
  22  2:03  Zergling x2  
  23  2:09  Queen  
  23  2:13  Zergling x2  
  23  2:15  Zergling x2  
  27  2:18  Drone  
  28  2:25  Drone  
  28  2:26  Drone  
  29  2:36  Overlord  
  29  2:37  Drone  
  29  2:38  Queen  
  32  2:46  Queen  
  32  2:49  Overlord  
  34  2:59  Overlord  
  34  3:00  Zergling x4  
  36  3:10  Overlord  
  36  3:15  Zergling x2  
  36  3:16  Zergling x6  
  40  3:26  Drone x4  
  44  3:29  Extractor  
  44  3:32  Roach Warren  
  42  3:38  Zergling x4  
  44  3:43  Drone  
  45  3:49  Extractor, Zergling x8  
  48  3:56  Drone  
  48  3:57  Drone x3  
  47  4:14  Hatchery  
  46  4:21  Drone x5  
  46  4:23  Roach  
  53  4:26  Roach  
  55  4:34  Roach x2  
  59  4:38  Overlord  
  59  4:47  Overlord x2  
  59  4:59  Roach x4  
  67  5:04  Roach x2  
  71  5:09  Extractor  
  69  5:25  Roach  
  69  5:26  Roach x5  
  81  5:29  Ravager x4  
  81  5:31  Ravager  
  81  5:32  Ravager  
  87  5:46  Zergling x12  
  87  5:47  Zergling x4  
  95  5:56  Ravager x2  
  97  5:58  Drone  
Show
View Real Time Build Order
Export as new Build Order

Miszu Terran 

Build Orders: MMM Bio 

Get SALT Encoding   

  12  0:00  SCV  
  13  0:12  SCV  
  14  0:17  Supply Depot  
  14  0:25  SCV  
  15  0:38  SCV  
  15  0:40  Barracks  
  16  0:43  Refinery  
  16  0:50  SCV  
  17  0:59  Barracks  
  17  1:03  SCV  
  18  1:15  SCV  
  19  1:28  Reaper, Orbital Command  
  20  1:34  Barracks  
  20  1:46  Reaper  
  21  1:49  Refinery  
  21  1:51  Supply Depot  
  21  1:54  SCV  
  22  2:03  Reaper  
  23  2:12  SCV  
  24  2:16  Supply Depot  
  24  2:19  Reaper  
  25  2:24  SCV  
  26  2:32  Reaper  
  26  2:36  SCV  
  28  2:40  Reaper  
  29  2:48  SCV  
  30  2:51  Reaper  
  31  3:01  SCV  
  32  3:12  Command Center  
  32  3:13  SCV  
  32  3:14  Reaper  
  32  3:15  Reaper  
  35  3:25  SCV  
  36  3:30  Barracks Tech Lab  
  36  3:37  SCV  
  36  3:41  Command Center  
  37  3:47  Barracks Reactor, Barracks Tech Lab  
  37  3:49  SCV  
  37  3:51  Marine, Stimpack  
  39  4:08  SCV  
  39  4:23  Marine x2, Orbital Command  
  39  4:24  Marine x2, SCV  
  42  4:27  Combat Shields  
  44  4:33  Factory  
  44  4:36  SCV  
  45  4:40  Refinery  
  45  4:41  Refinery, Marine x2  
  45  4:43  Marine  
  48  4:48  SCV  
  48  4:49  SCV  
  50  4:55  Orbital Command  
  50  4:58  Marine  
  50  4:59  Marine  
  52  5:00  SCV  
  52  5:01  SCV  
  52  5:02  Marine x2  
  56  5:12  SCV  
  56  5:13  SCV  
  58  5:16  Marine  
  58  5:17  Marine  
  60  5:24  SCV  
  60  5:25  Marine  
  60  5:26  Marine, Orbital Command  
  60  5:28  Factory Reactor  
  59  5:29  Starport  
  59  5:30  SCV  
  59  5:34  Marine  
  59  5:35  Marine  
  62  5:36  SCV  
  62  5:37  Supply Depot  
  62  5:39  Supply Depot  
  62  5:42  SCV  
  64  5:43  Engineering Bay x2, Marine  
  64  5:49  SCV  
  66  5:51  SCV  
  66  5:54  SCV  
  68  6:01  SCV  
  68  6:03  Supply Depot  
Tags
 
Add a new tag
Caveats
  • Supply blocks, unpowered buildings, or Contaminate may cause inaccurate times.
  • Supply counts are checked every 10 seconds.